 Dungeon Crawl Stone Soup version 0.31-a0-303-gdc8c9485ea (webtiles) character file.

Game seed: 1397474198275783570

52 cforsyth the Ruffian (level 4, 0/38 HPs)
             Began as a Meteoran Shapeshifter on July 16, 2023.
             Was a Believer of Elyvilon.
             Slain by Robin
             ... wielding a +0 spear
              (6 damage)
             ... on level 2 of the Dungeon.
             The game lasted 00:02:29 (471 turns).

cforsyth the Ruffian (Meteoran Shapeshifter)         Turns: 471, Time: 00:02:30

Health: 0/38       AC:  2    Str: 19    XL:     4   Next: 29%
Magic:  5/5        EV: 12    Int:  9    God:    Elyvilon [**....]
Gold:   32         SH:  0    Dex: 14    Spells: 3/3 levels left

rFire   . .          .
                       - Unarmed
rCold   . . .        (no shield)
rNeg    . . .        a - +0 animal skin
rPois   .            (helmet currently unavailable)
rElec   .            (cloak currently unavailable)
rCorr   .            (gloves currently unavailable)
SInv    .            (boots currently unavailable)
Will    .....        (no amulet)
Stlth   +            (no ring)
HPRegen 0.26/turn    (no ring)
MPRegen 0.09/turn

%: no passive effects
@: beast-form, glowing
A: beast (slay +2), sense surroundings 1, otherworldly, glowing, explore regen
a: Begin Untransformation, Renounce Religion, Purification, Heal Other


You were on level 2 of the Dungeon.
You worshipped Elyvilon.
Elyvilon was pleased with you.
You were a hulking beast.
You visited 1 branch of the dungeon, and saw 4 of its levels.

You collected 32 gold pieces.

Inventory:

Armour
 a - a +0 animal skin (worn)
Talismans
 c - a beast talisman
Scrolls
 f - a scroll of identify {unknown}
Potions
 b - a potion of lignification
 d - 2 potions of degeneration {unknown}
 e - a potion of magic {unknown}
 g - 2 potions of curing {unknown}


   Skills:
 + Level 3.4 Fighting
 - Level 2.4 Dodging
 + Level 3.8 Unarmed Combat
 - Level 3.6 Shapeshifting


You had 3 spell levels left.
You didn't know any spells.
Your spell library was empty.

Dungeon Overview and Level Annotations

Branches:
Dungeon (4/15) Zot: 1932
 Temple: D:4-7

Altars:
Elyvilon

Annotations:
D:2 Robin


Innate Abilities, Weirdness & Mutations

You are a hulking beast.
Your limbs bulge with bestial killing power. (Slay +2)
You passively map a small area around you.
You are easily found by Zot.
You glow in the dark.
You regain HP and MP as you explore.


Message History

You hit the goblin.
The goblin is heavily wounded.
The goblin hits you with a +2 dagger of speed.
The adder closely misses you.
You punch the adder!
The adder is severely wounded.
The goblin barely misses you. The adder closely misses you.
Robin roars a battlecry!
The goblins go into a battle-frenzy!
The goblin hits you with a +2 dagger of speed.
* * * LOW HITPOINT WARNING * * *
You hit the adder.
You kill the adder!
The goblin hits you with a +2 dagger of speed.
* * * LOW HITPOINT WARNING * * *
You barely miss the goblin.
The goblin is heavily wounded.
The goblin barely misses you.
You hit the goblin.
You kill the goblin!
Robin roars a battlecry!
You barely miss the hobgoblin.
A hobgoblin comes into view.
The hobgoblin hits you but does no damage.
Robin hits you from afar with a +0 spear.
* * * LOW HITPOINT WARNING * * *
You hit the hobgoblin.
The hobgoblin is lightly wounded.
The hobgoblin barely misses you. Robin misses you.
You hit the hobgoblin.
The hobgoblin is almost dead.
You closely miss the hobgoblin.
The hobgoblin is almost dead.
The hobgoblin closely misses you. Robin hits you but does no damage.
You barely miss the hobgoblin.
The hobgoblin is almost dead.
The hobgoblin hits you! Elyvilon protects you from harm!
Robin hits you from afar with a +0 spear.
You die...

, * * .!..... .... .,*
, , , ....... #....# ,
* ##..... ... . ....
#....g.##...#* *
................#.#
.....................
...............†##g###
............$...hg>..#
..........##########.#
...................#†#
.................$.#g#
...................#.#
...##.............#g#
... #........g.gg...#
...##...†..#g###.####
...........#...#.#, *


You could see Robin and 2 hobgoblins.

Vanquished Creatures
  An adder (D:2)
  A bat (D:2)
  6 endoplasms
  4 giant cockroaches
  11 goblins
  4 hobgoblins
  A quokka (D:2)
  3 ball pythons (D:1)
  A frilled lizard (D:1)
  2 kobolds
  2 rats
36 creatures vanquished.

Notes
Turn   | Place    | Note
-------+----------+-------------------------------------------
     0 | D:1      | cforsyth the Meteoran Shapeshifter began the quest for the
                  | Orb.
     0 | D:1      | Reached XP level 1. HP: 17/17 MP: 2/2
    40 | D:1      | Noticed a shining eye
    41 | D:1      | Noticed a great orb of eyes
    43 | D:1      | Found a faded altar of an unknown god.
    56 | D:1      | Noticed a shining eye
    56 | D:1      | Noticed a great orb of eyes
    61 | D:1      | Prayed at the altar of an unknown god.
    61 | D:1      | Became a worshipper of Elyvilon the Healer
    61 | D:1      | Reached * piety under Elyvilon
    86 | D:1      | Reached XP level 2. HP: 22/25 MP: 3/3
   265 | D:2      | Reached XP level 3. HP: 30/30 MP: 4/4
   376 | D:2      | Reached ** piety under Elyvilon
   385 | D:2      | Identified the +0 helmet of the Centipede {Harm}
   385 | D:2      | Noticed Robin
   457 | D:2      | Reached XP level 4. HP: 17/38 MP: 5/5
   471 | D:2      | Elyvilon protects you from harm!
   471 | D:2      | Slain by Robin

Illustrated notes

Levels and vault maps discovered:
D:1:      ncdulo_wetmaze, layout_loops_ring,
          hellmonk_ecumenical_altar_watching_god
D:2:      mumra_celtic_spiral_tile, layout_basic, basic_altar,
          minmay_split_cup_small, uniq_robin, uniq_sigmund
D:3:      layout_loops_ring, minitemple
D:4:      layout_loops_ring, minmay_misc_feat_secret_circle,
          cheibrodos_gnoll_hut

Skill      XL: |  1  2  3 |
---------------+----------+-----
Unarmed Combat | 3 |  3.8
Fighting       | 3 |  3.4
Dodging        | |  2.4
Shapeshifting  | |  3.6

Action                     |  1- 3 |  4- 6 || total
---------------------------+-------+-------++-------
  Melee: Unarmed           |    71 |    13 ||    84
         Punch             |     3 |       ||     3
 Armour: Animal skin       |    12 |     2 ||    14
  Dodge: Dodged            |    44 |     9 ||    53

Table legend: (Time is in decaauts)
 A = Elapsed time spent in this place.
 B = Non-inter-level travel time spent in this place.
 C = Inter-level travel time spent in this place.
 D = Time resting spent in this place.
 E = Time spent auto-exploring this place.
 F = Levels seen in this place.
 G = Mean time per level.
                   A        B        C        D        E       F      G
               +--------+--------+--------+--------+--------+-----+--------+
         Total |    466 |    466 |      0 |      0 |      0 |   4 |  116.5 |
       Dungeon |    466 |    466 |      0 |      0 |      0 |   4 |  116.5 |
               +--------+--------+--------+--------+--------+-----+--------+

Top non-repeatable levels by time:
     D:1: 259 daAuts
     D:2: 159 daAuts
     D:3: 45 daAuts
     D:4: 1 daAuts
